 Dungeon Crawl Stone Soup version 0.27.1-33-g824d729ab1 (console) character file.

Game seed: 10957274837171877716

1679 Banquo the Chopper (level 9, -1/65 HPs)
             Began as a Djinni Fighter on Dec 22, 2021.
             Was an Elder of Jiyva.
             Slain by an iguana (7 damage)
             ... on level 6 of the Dungeon.
             The game lasted 00:21:06 (6754 turns).

Banquo the Chopper (Djinni Fighter)                 Turns: 6754, Time: 00:21:07

Health: -1/65      AC:  8    Str: 19    XL:     9   Next: 21%
Gold:   185        EV: 10    Int: 11    God:    Jiyva [****..] SH:  9 Dex: 11

rFire    + + .     SeeInvis .   a - +0 war axe
rCold    . . .     Faith    .   c - +0 kite shield
rNeg     . . .     Spirit   .   t - +0 ring mail {rC+}
rPois    ∞         Reflect  .   (no helmet)
rElec    .         Harm     .   r - +0 cloak
rCorr    +         Rampage  .   (no gloves)
Will     .....                  (boots unavailable)
Stlth    ++........             (no amulet)
HPRegen  0.20/turn              g - +4 ring of slaying
MPRegen  0.00/turn              (no ring)

@: flying, studying Fighting
A: sickness immunity, fire resistance 2, cold vulnerability 1, float, innate
caster, hp casting, extra vitality 1, gelatinous body 1, translucent skin 1,
jelly absorbing missiles
a: Renounce Religion, Request Jelly, Slimify


You were on level 6 of the Dungeon.
You worshipped Jiyva.
Jiyva was greatly pleased with you.
You visited 1 branch of the dungeon, and saw 9 of its levels.

You collected 185 gold pieces.

Inventory:

Hand Weapons
 a - a +0 war axe (weapon)
 l - a +0 executioner's axe
 m - a +0 spear
 u - a +2 dire flail of holy wrath
 y - the +9 quarterstaff of Fimbulwinter {flame, rPois Dex+3}
   (You found it on level 7 of the Dungeon)

   It burns those it strikes, dealing additional fire damage.
   Dex:       It affects your dexterity (+3).
   rPois:     It protects you from poison.
Missiles
 e - 287 stones (quivered)
 j - 44 poisoned darts
 o - 5 curare-tipped darts
 p - 6 atropa-tipped darts
 A - 3 boomerangs
Armour
 b - a +0 scale mail
 c - a +0 kite shield (worn)
 n - a +0 cloak
 r - a +0 cloak (worn)
 t - a +0 ring mail of cold resistance (worn)
Jewellery
 g - a +4 ring of slaying (left hand)
 w - a ring of fire
Scrolls
 k - 2 scrolls of teleportation
 z - a scroll of identify
Potions
 d - a potion of might
 f - 3 potions of heal wounds
 h - 4 potions of curing
 i - a potion of invisibility {unknown}
 q - 2 potions of brilliance {unknown}
 s - a potion of cancellation {unknown}
 v - a potion of berserk rage {unknown}
 x - a potion of resistance {unknown}


   Skills:
 + Level 5.0 Fighting
 * Level 7.2 Axes
 + Level 5.1 Armour
 + Level 3.0 Dodging
 + Level 4.6 Shields


You couldn't memorise any spells.
You knew the following spells:

 Your Spells              Type           Power      Damage    Failure   Level
a - Pain                  Necr           0%         1d4       92%         1
b - Passwall              Tmut/Erth      0%         N/A       98%         2
c - Mephitic Cloud        Conj/Pois/Air  0%         N/A       100%        3
d - Gell's Gravitas       Tloc           0%         N/A       100%        3
Your spell library was empty.


Dungeon Overview and Level Annotations

Branches:
Dungeon (9/15)
 Temple: D:4-7         Lair: D:8-11         Orc: D:9-12

Altars:
Ashenzari
Kikubaaqudgha
Ru
Trog
Wu Jian
Yredelemnul
The Shining One
Jiyva

Shops:
D:3 =

Annotations:
D:6 rock vault


Innate Abilities, Weirdness & Mutations

You are immune to sickness and miasma.
You are immune to poison.
Your flesh is very heat resistant. (rF++)
You are vulnerable to cold. (rC-)
You float through the air rather than walking.
You learn spells naturally, not from books.
Your magical power is your life essence.
You have superior vitality. (+4 HP)
Your rubbery body absorbs attacks. (AC +1, EV +1)
Your translucent skin slightly reduces your foes' accuracy. (Stealth+)
You have a small jelly attached to you that may absorb incoming projectiles.


Message History

You hit the ogre.
The ogre is lightly wounded.
The ogre hits you but does no damage.
You hit the ogre.
The ogre is moderately wounded.
The ogre barely misses you.
You hit the ogre.
The ogre is moderately wounded.
The ogre hits you with a +0 giant spiked club!!
An iguana comes into view.
The iguana hisses angrily.
You slash the ogre!
The ogre is severely wounded.
You block the ogre's attack.
You closely miss the ogre.
The ogre is severely wounded.
The ogre hits you with a +0 giant spiked club!
You hit the ogre but do no damage.
The ogre is severely wounded.
You block the ogre's attack.
You barely miss the ogre.
The ogre is severely wounded.
The ogre hits you with a +0 giant spiked club!!
* * * LOW HITPOINT WARNING * * *
You hit the ogre.
The ogre is severely wounded.
You block the ogre's attack.
You slash the ogre!
You kill the ogre!
Your Fighting skill increases to level 5!
Your Dodging skill increases to level 3!
You completely miss the iguana. The iguana bites you!
* * * LOW HITPOINT WARNING * * *
You slash the iguana!
The iguana is heavily wounded.
The iguana barely misses you.
You hit the iguana.
The iguana is severely wounded.
You block the iguana's attack. The iguana bites you!
You die...

#...........# .........###..
#.#.#...###.####
#.#......#≈#.# #...........>#
.........###.# #............#
#.#..........#
#..............# .......<#
####+####......##...........#
##......#.###.#######
#......# # #....@.# #####
##'###l# ###.... #.# ...
.'.... #.# ##.# #.... #.# .#
#.... #.# # #.... #######.##
#....
#........#################.
#..........................


You could see an iguana.

Vanquished Creatures
  3 bullfrogs
  Edmund (D:5)
  A water moccasin (D:6)
  2 ice beasts
  2 ogres
  A phantom (D:5)
  2 kobold brigands
  A wyvern zombie (D:9)
  2 scorpions
  A wight (D:7)
  A howler monkey (D:7)
  2 centaur zombies
  Crazy Yiuf (D:2)
  A centaur skeleton (D:7)
  4 hounds
  A bullfrog skeleton (D:5)
  An iguana (D:7)
  A scorpion zombie (D:5)
  2 orc wizards (D:7)
  A hound skeleton (D:4)
  A howler monkey zombie (D:6)
  9 adders
  A white imp (D:8)
  An adder skeleton (D:2)
  A worm (D:2)
  4 dart slugs
  9 orcs
  6 bats
  3 endoplasms (D:1)
  A giant cockroach (D:4)
  4 goblins
  7 hobgoblins
  9 kobolds
  3 quokkas
  8 ball pythons
  4 frilled lizards
  4 rats
106 creatures vanquished.

Vanquished Creatures (others)
  A hornet (D:7)
  A slime creature (D:7)
  A sky beast (D:5)
  A human (D:4)
  A centaur (D:8)
  A kobold brigand (D:8)
  A wyvern zombie (D:6)
  A bullfrog (D:8)
  A wyvern skeleton (D:7)
  5 wights
  A bullfrog zombie (D:6)
  34 jellies
  2 orc priests
  An iguana (D:7)
  4 orc wizards
  A howler monkey skeleton (D:6)
  2 adders
  A howler monkey zombie (D:7)
  A worm (D:3)
  6 orcs
  2 endoplasms
  2 kobolds (D:8)
  2 rats
  2 fungi (D:2)
75 creatures vanquished.

Grand Total: 181 creatures vanquished

Notes
Turn   | Place    | Note
-------+----------+-------------------------------------------
     0 | D:1      | Banquo the Djinni Fighter began the quest for the Orb.
     0 | D:1      | Reached XP level 1. HP: 20/20 MP: 0/0
   237 | D:1      | Reached XP level 2. HP: 25/25 MP: 0/0
   446 | D:1      | Found a faded altar of an unknown god.
   545 | D:1      | Became a worshipper of Jiyva Jiufuamm the Shapeless
   545 | D:1      | Reached * piety under Jiyva
   766 | D:1      | Reached XP level 3. HP: 30/30 MP: 0/0
   766 | D:1      | Learned a level 1 spell: Pain
  1296 | D:2      | Found an ornate altar of the Wu Jian Council.
  1310 | D:2      | Reached skill level 2 in Axes
  1310 | D:2      | Reached XP level 4. HP: 25/35 MP: 0/0
  1911 | D:2      | Found a runed translucent door.
  1919 | D:2      | Noticed Crazy Yiuf
  1935 | D:2      | Killed Crazy Yiuf
  2058 | D:3      | Reached XP level 5. HP: 40/41 MP: 0/0
  2058 | D:3      | Learned a level 2 spell: Passwall
  2059 | D:3      | Noticed an ice beast
  2200 | D:3      | Reached ** piety under Jiyva
  2256 | D:3      | Found Sabeqa Dorev's Jewellery Boutique.
  2383 | D:3      | Killed an ice beast
  2384 | D:3      | Reached skill level 3 in Axes
  2384 | D:3      | Reached XP level 6. HP: 47/47 MP: 0/0
  2777 | D:4      | Found a basalt altar of Yredelemnul.
  2876 | D:4      | Reached skill level 4 in Axes
  3040 | D:4      | Reached skill level 1 in Dodging
  3078 | D:4      | Reached XP level 7. HP: 45/51 MP: 0/0
  3078 | D:4      | Learned a level 3 spell: Mephitic Cloud
  3288 | D:4      | Noticed a human
  3291 | D:4      | Killed a human
  3540 | D:5      | Entered Level 5 of the Dungeon
  3700 | D:5      | Noticed Edmund
  3735 | D:5      | Reached *** piety under Jiyva
  3899 | D:5      | Reached skill level 5 in Axes
  3899 | D:5      | Found a bloodstained altar of Trog.
  3970 | D:5      | Found a sacrificial altar of Ru.
  4069 | D:5      | Gained mutation: You possess an exceptional clarity of
                  | mind. [Jiyva's grace]
  4191 | D:5      | Reached XP level 8. HP: 50/58 MP: 0/0
  4420 | D:5      | Killed Edmund
  4665 | D:6      | Found an ornate altar of the Wu Jian Council.
  4776 | D:6      | You are sucked into a shaft and drop 3 floors!
  4777 | D:9      | Found a large runed translucent door.
  4777 | D:9      | Found a large runed translucent door.
  4815 | D:9      | Found a glowing golden altar of the Shining One.
  4862 | D:9      | Reached **** piety under Jiyva
  4872 | D:9      | Gained mutation: You have a small jelly attached to you
                  | that may absorb incoming projectiles. [Jiyva's grace]
  4874 | D:9      | Found a broken altar of Ashenzari.
  5045 | D:8      | Noticed a two-headed ogre
  5048 | D:8      | Slimified a two-headed ogre
  5048 | D:8      | Noticed a slime creature
  5048 | D:8      | a two-headed ogre changed into a slime creature
  5091 | D:8      | Noticed a slime creature
  5091 | D:8      | a sky beast changed into a slime creature
  5148 | D:8      | Gained mutation: Your rubbery body absorbs attacks. (AC +1,
                  | EV +1) [Jiyva's grace]
  5356 | D:8      | Gained mutation: Your translucent skin slightly reduces
                  | your foes' accuracy. (Stealth+) [Jiyva's grace]
  5461 | D:7      | Noticed a hornet
  5486 | D:7      | Noticed a slime creature
  5486 | D:7      | an ogre changed into a slime creature
  5487 | D:7      | Killed a hornet
  5494 | D:7      | Killed a slime creature
  5689 | D:7      | Reached skill level 6 in Axes
  5698 | D:7      | Identified a scroll of acquirement
  5698 | D:7      | Acquired a manual of Fighting
  5995 | D:7      | Lost mutation: You possess an exceptional clarity of mind.
                  | [Jiyva's grace]
  6178 | D:7      | Noticed a cyclops
  6186 | D:7      | Slimified a cyclops
  6186 | D:7      | Noticed a slime creature
  6186 | D:7      | a cyclops changed into a slime creature
  6462 | D:7      | Identified the +9 quarterstaff of Fimbulwinter {flame,
                  | rPois Dex+3}
  6558 | D:6      | Reached skill level 5 in Armour
  6558 | D:6      | Reached XP level 9. HP: 62/63 MP: 0/0
  6558 | D:6      | Learned a level 3 spell: Gell's Gravitas
  6606 | D:6      | Reached skill level 7 in Axes
  6659 | D:6      | Noticed a five-headed hydra
  6664 | D:6      | Slimified a five-headed hydra
  6664 | D:6      | Noticed an acid blob
  6664 | D:6      | a five-headed hydra changed into an acid blob
  6752 | D:6      | Reached skill level 5 in Fighting
  6754 | D:6      | Slain by an iguana

Illustrated notes

Levels and vault maps discovered:
D:1:      saegor_arrival_simple_c, layout_basic, ebering_ecumenical_altar_mist,
          minmay_hedge_maze, minmay_door_square
D:2:      layout_rooms, basic_altar, eino_tiny_chamber,
          minmay_fractal_squares_5, uniq_crazy_yiuf_cottage
D:3:      layout_loops_cross, serial_shops, nicolae_shop_statue_plus,
          minivault_24, kennysheep_generic_room_15
D:4:      layout_cave_pools, tgw_kikubaaqudgha, yredelemnul_altar_generic,
          hangedman_decor_diamond_cutter
D:5:      layout_cave_pools, nicolae_overflow_crystal_walls,
          trog_three_pillars_becter, uniq_edmund
D:6:      layout_basic, nzn_wu_jian_contemplation, zin_scriptorium,
          amcnicky_altar_gilded, serial_glass, glass_columns_a, glass_columns_a,
          item_on_display_a, feat_on_display, due_unseen_surprise,
          feat_on_display, hangedman_abyss_or_decor_stabs
D:7:      minmay_evil_eye, layout_loops_ring, minmay_temple_entry_proselytizer,
          serial_shops, kennysheep_little_box, minmay_holes,
          kennysheep_small_square
D:8:      layout_loops_corners
D:9:      layout_big_octagon, worldfamousw_hep_ancestral_shrine,
          jmf_multi_god_temple2, david_lair_shrubbed

Skill      XL: |  1  2  3  4  5  6  7  8  9 |
---------------+----------------------------+-----
Axes           | 2 3 4 5 6 7 |  7.2
Armour         | 4 5 |  5.1
Dodging        | 1 2 3 |  3.0
Fighting       | 4 5 |  5.0
Shields        | 4 |  4.6

Action                   |  1- 3 |  4- 6 |  7- 9 || total
-------------------------+-------+-------+-------++-------
Melee: War axe           |    85 |    82 |   232 ||   399
       Spear             |       |       |     1 ||     1
Invok: Slimify           |       |       |     5 ||     5
  Use: Scroll            |       |       |     7 ||     7
Armor: Scale mail        |    48 |    14 |       ||    62
       Ring mail         |       |    22 |    86 ||   108
Dodge: Dodged            |    22 |    24 |   108 ||   154
Block: Kite shield       |    42 |    38 |   108 ||   188
